 Dungeon Crawl Stone Soup version 0.29-a0-275-g389c0b56f3 (webtiles) character file.

Game seed: 6127452751348845291

51 testman the Grave Robber (level 3, -3/26 HPs)
             Began as a Demonspawn Necromancer on Mar 9, 2022.
             Was a Believer of Jiyva.
             Succumbed to Robin's poison
             ... on level 2 of the Dungeon.
             The game lasted 00:09:51 (1692 turns).

testman the Grave Robber (Demonspawn Necromancer)   Turns: 1692, Time: 00:09:51

Health: -3/26      AC:  2    Str:  8    XL:     3   Next: 57%
Magic:  7/7        EV: 12    Int: 18    God:    Jiyva [**....]
Gold:   95         SH:  0    Dex: 13    Spells: 3/7 levels left

rFire   . . .      SeeInvis .   s - +2 dagger (elec)
rCold   . . .      Faith    .   (no shield)
rNeg    . . .      Spirit   .   a - +0 robe
rPois   .          Reflect  .   (no helmet)
rElec   .          Harm     .   (no cloak)
rCorr   +          Rampage  .   (no gloves)
Will    .....                   (no boots)
Stlth   ++........              (no amulet)
HPRegen 1.04/turn               (no ring)
MPRegen 0.40/turn               (no ring)

@: lethally poisoned (-3 -> -9)
A: claws 1, foul stench 1
a: Renounce Religion


You were on level 2 of the Dungeon.
You worshipped Jiyva.
Jiyva was pleased with you.
You visited 1 branch of the dungeon, and saw 3 of its levels.

You collected 95 gold pieces.

Inventory:

Hand Weapons
 c - a +0 spear
 n - a +0 hunting sling
 s - a +2 dagger of electrocution (weapon)
Missiles
 l - 47 stones
 m - 6 poisoned darts
Armour
 a - a +0 robe (worn)
Scrolls
 d - a scroll of identify {unknown}
 e - a scroll of enchant weapon {unknown}
 f - a scroll of fear {unknown}
 h - a scroll of amnesia {unknown}
 j - a scroll of immolation {unknown}
 k - a scroll of enchant armour {unknown}
 p - a scroll of vulnerability {unknown}
 q - a scroll of teleportation {unknown}
Potions
 b - a potion of magic
 g - 2 potions of attraction {unknown}
 i - a potion of heal wounds {unknown}
 o - 2 potions of cancellation {unknown}
 r - a potion of lignification {unknown}


   Skills:
 + Level 1.1 Fighting
 - Level 1.7 Dodging
 - Level 1.7 Stealth
 + Level 0.3 Unarmed Combat
 + Level 2.7 Spellcasting
 + Level 5.0 Necromancy


You had 3 spell levels left.
You knew the following spells:

 Your Spells              Type           Power      Damage    Failure   Level
a - Pain                  Necr           80%        1d8       2%          1
b - Vampiric Draining     Necr           20%        2d7       6%          3

Your spell library contained the following spells:

 Spells                   Type           Power      Damage    Failure   Level
 Animate Skeleton         Necr           40%        N/A       2%          1
 Animate Dead             Necr           10%        N/A       22%         4
 Agony                    Necr           20%        N/A       52%         5
 Haunt                    Necr/Summ      5%         N/A       100%        7
 Infestation              Necr           10%        N/A       100%        8


Dungeon Overview and Level Annotations

Branches:
Dungeon (3/15)

Altars:
Yredelemnul
Jiyva

Annotations:
D:3 Robin


Innate Abilities, Weirdness & Mutations

You have sharp fingernails.
You may rarely emit foul miasma when damaged in melee.


Message History

Aiming: Vampiric Draining (quite dangerous; 6% risk of failure)
Press: ? - help, Shift-Dir - straight line, f - kobold
Aim: a kobold, wielding a +0 short sword and quivering stones You draw life force from the kobold!
You kill the kobold!
You feel life coursing into your body.
l - 47 stones (gained 3)
Items here: ))) [ †.
Okay, then.
Items here: ))) [ †††.
Okay, then.
There is a stone staircase leading down, spattered with blood here.
You start resting.
Jiyva says: Divide and consume!
You hear a slurping noise. x2
Magic restored.
You hear a slurping noise.
You climb downwards.
Level annotation: Robin The orc priest calls down the wrath of Beogh upon you.
Beogh smites you!
Ouch! That really hurt!
The goblin hits you but does no damage. The kobold hits you with a +0 club.
The orc wizard gestures wildly while chanting.
The orc wizard flickers and vanishes!
Deactivating autopickup; reactivate with Ctrl-A.
The hobgoblin hits you.
* * * LOW HITPOINT WARNING * * *
Robin throws the goblin at you!
There is a stone staircase leading up here.
You hear a distant slurping noise.
The goblin closely misses you.
The orc priest looks satisfied for a moment.
Robin hits you from afar with a +1 trident of venom!
* * * LOW HITPOINT WARNING * * *
You are lethally poisoned!
The kobold hits you but does no damage. The hobgoblin closely misses you.
You climb upwards.
Reactivating autopickup.
You die...

###### #..... #..... #.....
#..... #.....
#############.....
#@KJ..............
#g################ #g#
######## #.# #......#
######.####......######
#####......................
#........#.####......#####.
########.#.# #......# #.
######## #.#.# #......# #.


You could see a hobgoblin, a goblin, a kobold and a neutral jelly
(wandering)(fellow slime).

Vanquished Creatures
  A worm (D:2)
  A dart slug (D:1)
  2 orcs (D:2)
  10 goblins
  6 hobgoblins
  2 jackals (D:1)
  4 kobolds
  A quokka (D:1)
  2 ball pythons
  4 bats
  3 frilled lizards (D:1)
  4 rats
40 creatures vanquished.

Vanquished Creatures (others)
  A goblin (D:2)
  4 plants (D:1)
5 creatures vanquished.

Grand Total: 45 creatures vanquished

Notes
Turn   | Place    | Note
-------+----------+-------------------------------------------
     0 | D:1      | testman the Demonspawn Necromancer began the quest for the
                  | Orb.
     0 | D:1      | Reached XP level 1. HP: 13/13 MP: 3/3
   296 | D:1      | Gained mutation: You may rarely emit foul miasma when
                  | damaged in melee. [demonic ancestry]
   296 | D:1      | Reached XP level 2. HP: 12/19 MP: 5/5
   438 | D:1      | Found a faded altar of an unknown god.
   444 | D:1      | Prayed at the altar of an unknown god.
   444 | D:1      | Became a worshipper of Jiyva Jyggorgh the Shapeless
   444 | D:1      | Reached * piety under Jiyva
   969 | D:2      | Reached ** piety under Jiyva
  1107 | D:2      | Gained mutation: You have sharp fingernails. [demonic
                  | ancestry]
  1107 | D:2      | Reached XP level 3. HP: 25/25 MP: 6/6
  1111 | D:2      | Learned a level 3 spell: Vampiric Draining
  1156 | D:2      | Reached skill level 1 in Fighting
  1345 | D:2      | Found a basalt altar of Yredelemnul.
  1528 | D:3      | Noticed Robin
  1652 | D:2      | Reached skill level 5 in Necromancy
  1691 | D:3      | HP: 1/26 [Robin/+1 trident of venom (7)]
  1692 | D:2      | Succumbed to Robin's poison

Illustrated notes

Levels and vault maps discovered:
D:1:      dpeg_arrival_arbitrary_b, layout_basic,
          chequers_ecumenical_altar_simple_redux, serial_forest,
          infiniplex_forest_end_1, infiniplex_forest_straight_2,
          infiniplex_forest_split, infiniplex_forest_lined_2,
          infiniplex_forest_split, infiniplex_forest_corner_1,
          infiniplex_forest_straight_4
D:2:      layout_basic, basic_altar, serial_bayou_pond_d
D:3:      layout_basic, hangedman_ru_absence, item_on_display_a, uniq_robin,
          uniq_crazy_yiuf_cottage

Skill      XL: |  1  2  3 |
---------------+----------+-----
Fighting       | 1 |  1.1
Necromancy     | 5 |  5.0
Dodging        | |  1.7
Stealth        | |  1.7
Unarmed Combat | |  0.3
Spellcasting   | |  2.7

Action                   || total
-------------------------++-------
Melee: Spear             ||    54
       Dagger            ||    15
       Punch             ||     1
 Cast: Pain              ||    29
       Vampiric Draining ||     5
 Stab: Sleeping          ||     3
Armor: Robe              ||    19
Dodge: Dodged            ||    48

Table legend: (Time is in decaauts)
 A = Elapsed time spent in this place.
 B = Non-inter-level travel time spent in this place.
 C = Inter-level travel time spent in this place.
 D = Time resting spent in this place.
 E = Time spent auto-exploring this place.
 F = Levels seen in this place.
 G = Mean time per level.
                   A        B        C        D        E       F      G
               +--------+--------+--------+--------+--------+-----+--------+
         Total |   1698 |   1591 |    107 |    230 |   1091 |   3 |  566.0 |
       Dungeon |   1698 |   1591 |    107 |    230 |   1091 |   3 |  566.0 |
               +--------+--------+--------+--------+--------+-----+--------+

Top non-repeatable levels by time:
     D:1: 944 daAuts
     D:2: 744 daAuts
     D:3: 10 daAuts
